 Dungeon Crawl Stone Soup version 0.27-a0-249-g74f53ef629 (webtiles) character file.

Game seed: 2488031156340601810

10005 Borgoz the Carver (level 11, -11/97 HPs)
             Began as a Ghoul Gladiator on Feb 3, 2021.
             Was a Believer of Ashenzari.
             Mangled by a manticore (18 damage)
             ... on level 12 of the Dungeon.
             The game lasted 00:23:43 (18707 turns).

Borgoz the Carver (Ghoul Gladiator)                Turns: 18707, Time: 00:23:44

Health: -11/97     AC:  9    Str: 19    XL:     11   Next: 55%
Magic:  10/10      EV: 17    Int:  3    God:    Ashenzari [**....]
Gold:   902        SH:  0    Dex: 19    Spells: 10/10 levels left

rFire    . . .     SeeInvis +   a - +3 falchion
rCold    + . .     Faith    .   (no shield)
rNeg     + + +     Spirit   .   q - +0 acid dragon scales
rPois    ∞         Reflect  .   c - +0 helmet
rElec    .         Harm     .   u - scarf {repulsion}
rCorr    +         Rampage  .   (no gloves)
Will     .....                  (no boots)
Stlth    +.........             (no amulet)
HPRegen  0.00/turn              o - ring of see invisible
MPRegen  0.12/turn              w - +6 ring of dexterity

@: repel missiles
A: claws 1, cold resistance 1, negative energy resistance 3, inhibited
regeneration, torment resistance, unbreathing
a: Renounce Religion, Curse Item, Scrying


You were on level 12 of the Dungeon.
You worshipped Ashenzari.
Ashenzari was pleased with you.
You visited 2 branches of the dungeon, and saw 13 of its levels.

You collected 902 gold pieces.

Inventory:

Hand Weapons
 a - a +3 falchion (weapon)
 b - a +2 short sword of electrocution
Armour
 c - a +0 helmet (worn)
 q - +0 acid dragon scales (worn)
 u - a scarf of repulsion (worn)
Jewellery
 n - an uncursed ring of resist corrosion
 o - a ring of see invisible (left claw)
 v - an uncursed ring of ice
 w - a +6 ring of dexterity (right claw)
Wands
 f - a wand of flame (33)
 r - a wand of acid (11)
Scrolls
 d - 2 scrolls of fog
 e - 8 scrolls of teleportation
 g - 3 scrolls of enchant armour
 k - 3 scrolls of blinking
 l - a scroll of enchant weapon
 m - 3 scrolls of magic mapping
 t - 7 scrolls of remove curse
 x - a scroll of silence {unknown}
Potions
 h - 2 potions of haste
 i - 3 potions of flight
 j - a potion of mutation {unknown}
 s - 2 potions of cancellation


   Skills:
 + Level 9.1 Fighting
 * Level 10.7 Long Blades
 - Level 1.7 Throwing
 + Level 7.2 Armour
 + Level 7.8 Dodging


You had 10 spell levels left.
You didn't know any spells.
Your spell library contained the following spells:

 Spells                   Type           Power        Failure   Level
 Animate Skeleton         Necr           0%           61%         1
 Pain                     Necr           0%           61%         1
 Sting                    Tmut/Pois      0%           61%         1
 Poisonous Vapours        Pois/Air       0%           75%         2
 Confusing Touch          Hex            0%           93%         3
 Gell's Gravitas          Tloc           0%           93%         3
 Ignite Poison            Fire/Tmut/Pois 0%           93%         3
 Mephitic Cloud           Conj/Pois/Air  0%           93%         3
 Vampiric Draining        Necr           0%           93%         3
 Animate Dead             Necr           0%           100%        4
 Olgreb's Toxic Radiance  Pois           0%           100%        4
 Petrify                  Tmut/Erth      0%           100%        4
 Agony                    Necr           0%           100%        5
 Metabolic Englaciation   Hex/Ice        0%           100%        5
 Yara's Violent Unravell  Hex/Tmut       0%           100%        5


Dungeon Overview and Level Annotations

Branches:
Dungeon (12/15)            Temple (1/1) D:7            Lair (0/6) D:10
    Orc (0/2) D:10

Altars:
Ashenzari
Cheibriados
Dithmenos
Elyvilon
Fedhas
Gozag
Hepliaklqana
Kikubaaqudgha
Makhleb
Nemelex Xobeh
Okawaru
Qazlal
Ru
Sif Muna
Trog
Uskayaw
Vehumet
Wu Jian
Xom
Yredelemnul
Zin
The Shining One

Shops:
D:6 *   D:9 ?


Innate Abilities, Weirdness & Mutations

You thrive by killing the living.
You are immune to poison.
You have sharp fingernails.
Your flesh is cold resistant. (rC+)
You are immune to negative energy. (rN+++)
You do not regenerate when monsters are visible.
You are immune to unholy pain and torment.
You can survive without breathing.


Message History

You slash the orc priest!
You kill the orc priest!
You feel better. The manticore completely misses you.
You riposte.
You slash the manticore!
The manticore is heavily wounded.
The manticore claws you.
* * * LOW HITPOINT WARNING * * *
The manticore claws you but does no damage.
You hit the adder.
The adder is moderately wounded.
The manticore bites you!
* * * LOW HITPOINT WARNING * * *
The manticore claws you.
* * * LOW HITPOINT WARNING * * *
The manticore claws you but does no damage.
The adder bites you but does no damage.
You hit the manticore.
The manticore is severely wounded.
The adder misses you. The manticore bites you!!
You die...

, , , , .... .... ,....## ,
, ...# .* #... #....# ,
...# ,.. #... #....# , . ,
, ...###..? ##...###....#
.. ,
.........,............##...
, .........
..............., ......##.
#H).....# * S<....H..
,{#@..<..#
...............S.).........
*
...........................
..........................#
...........................
* *
......#....................
, *
......#,.............$.....
......# ,..................
, , ,, ,


You could see a manticore and an adder.

Vanquished Creatures
  An oklob plant (D:10)
  2 cyclopes (D:11)
  Joseph (D:10)
  An elephant (shapeshifter) (D:11)
  Maggie (D:10)
  Psyche (D:10)
  2 hornets
  A wyvern (D:11)
  A water moccasin (D:10)
  An acid dragon (D:10)
  4 ice beasts
  A sky beast (D:8)
  4 orc warriors
  A necrophage (D:10)
  A black bear (D:8)
  6 ogres
  4 centaurs
  A phantom (D:11)
  A big kobold (D:10)
  4 bullfrogs
  A wyvern skeleton (D:10)
  5 scorpions
  15 killer bees
  A howler monkey (D:4)
  27 wights
  A quasit (D:9)
  5 hounds
  2 gnoll shamans
  5 jellies
  14 orc priests
  17 orc wizards
  An iguana (D:4)
  12 worker ants
  5 hound skeletons
  2 worker ant zombies
  11 gnolls
  A river rat (D:6)
  11 adders
  2 white imps
  3 ufetubi
  An ooze (D:3)
  2 adder zombies
  3 adder skeletons
  3 worms
  3 dart slugs
  A leopard gecko (D:9)
  39 orcs
  3 ball pythons
  4 giant cockroaches
  12 goblins
  9 hobgoblins
  7 jackals
  A quokka (D:2)
  8 bats
  6 frilled lizards
  A giant cockroach zombie (D:5)
  9 kobolds
  A leopard gecko skeleton (D:5)
  A leopard gecko zombie (D:5)
  A quokka skeleton (D:5)
  A quokka zombie (D:5)
  13 rats
  A spectral orc (D:8)
310 creatures vanquished.

Vanquished Creatures (others)
  A wizard (D:10)
  An orc wizard (D:11)
  11 plants (D:10)
13 creatures vanquished.

Grand Total: 323 creatures vanquished

Notes
Turn   | Place    | Note
-------+----------+-------------------------------------------
     0 | D:1      | Borgoz the Ghoul Gladiator began the quest for the Orb.
     0 | D:1      | Reached XP level 1. HP: 17/17 MP: 0/0
    98 | D:1      | Reached XP level 2. HP: 25/25 MP: 1/1
   146 | D:1      | Reached skill level 3 in Long Blades
   520 | D:1      | Reached XP level 3. HP: 30/30 MP: 2/2
   742 | D:2      | Reached skill level 1 in Armour
  1144 | D:2      | Reached XP level 4. HP: 37/37 MP: 3/3
  1809 | D:3      | Found an iron altar of Okawaru.
  1951 | D:3      | Found an opulent altar of Gozag.
  2073 | D:3      | Reached XP level 5. HP: 41/45 MP: 4/4
  2102 | D:3      | Found a faded altar of an unknown god.
  2389 | D:3      | Reached skill level 4 in Long Blades
  2895 | D:4      | Reached XP level 6. HP: 41/51 MP: 5/5
  3191 | D:4      | HP: 2/52 [orc wizard/puff of flame (11)]
  3523 | D:4      | Found a radiant altar of Vehumet.
  3931 | D:4      | Reached XP level 7. HP: 49/59 MP: 6/6
  3986 | D:4      | Found a snail-covered altar of Cheibriados.
  4011 | D:4      | Reached skill level 5 in Long Blades
  4294 | D:5      | Entered Level 5 of the Dungeon
  5159 | D:5      | Found a hide-covered altar of Uskayaw.
  5159 | D:5      | Found a broken altar of Ashenzari.
  5160 | D:5      | Found a burning altar of Makhleb.
  5176 | D:5      | Reached XP level 8. HP: 42/67 MP: 7/7
  5339 | D:5      | Became a worshipper of Ashenzari the Shackled
  5751 | D:5      | Reached skill level 6 in Long Blades
  5983 | D:6      | Reached skill level 5 in Fighting
  6431 | D:6      | Reached skill level 5 in Dodging
  6917 | D:6      | Found Ucecasuz's Assorted Antiques.
  7070 | D:6      | Reached skill level 7 in Long Blades
  7308 | D:7      | HP: 2/70 [gnoll/+0 spear (7)]
  7323 | D:7      | Reached XP level 9. HP: 2/75 MP: 8/8
  7888 | D:7      | Noticed a hornet
  7914 | D:7      | Killed a hornet
  8854 | D:7      | Found a staircase to the Ecumenical Temple.
  8864 | D:7      | Reached skill level 8 in Long Blades
  8864 | D:7      | Reached skill level 5 in Armour
  9075 | Temple   | Entered the Ecumenical Temple
  9278 | D:7      | Found a shadowy altar of Dithmenos.
  9618 | D:7      | Reached * piety under Ashenzari
  9924 | D:7      | Found a blossoming altar of Fedhas.
 10254 | D:7      | Reached XP level 10. HP: 60/86 MP: 9/9
 11654 | D:8      | Found a glowing golden altar of the Shining One.
 11825 | D:8      | Found a hazy altar of Hepliaklqana.
 12227 | D:8      | Found a basalt altar of Yredelemnul.
 12303 | D:8      | Found a sacrificial altar of Ru.
 12382 | D:8      | Reached skill level 9 in Long Blades
 13127 | D:9      | Found Cytomidd's Magic Scroll Shop.
 14230 | D:10     | Entered Level 10 of the Dungeon
 14233 | D:10     | Noticed Joseph
 14267 | D:10     | Killed Joseph
 14555 | D:10     | Noticed a wizard
 14580 | D:10     | Killed a wizard
 14778 | D:10     | Noticed Maggie
 14791 | D:10     | Killed Maggie
 14879 | D:10     | Noticed Psyche
 14892 | D:10     | Killed Psyche
 14893 | D:10     | Reached skill level 10 in Long Blades
 14893 | D:10     | Reached XP level 11. HP: 75/95 MP: 10/10
 14989 | D:10     | Found a staircase to the Orcish Mines.
 15438 | D:10     | Reached ** piety under Ashenzari
 15514 | D:10     | Noticed an oklob plant
 15515 | D:10     | Found a staircase to the Lair.
 16117 | D:10     | Killed an oklob plant
 17665 | D:11     | Noticed a cyclops
 17694 | D:11     | Killed a cyclops
 18100 | D:11     | Found a runed translucent door.
 18101 | D:11     | Noticed a cyclops
 18102 | D:11     | Noticed a swamp dragon
 18114 | D:11     | Noticed a lindwurm
 18114 | D:11     | a swamp dragon changed into a lindwurm
 18117 | D:11     | a lindwurm changed into a wind drake
 18120 | D:11     | Killed a cyclops
 18128 | D:11     | Noticed a death drake
 18128 | D:11     | a komodo dragon changed into a death drake
 18131 | D:11     | Noticed a glowing orange brain
 18131 | D:11     | a death drake changed into a glowing orange brain
 18135 | D:11     | Noticed a sea snake
 18135 | D:11     | a glowing orange brain changed into a sea snake
 18138 | D:11     | a sea snake changed into an elephant
 18569 | D:12     | Noticed a manticore
 18707 | D:12     | Mangled by a manticore

Illustrated notes

Levels and vault maps discovered:
D:1:      lemuel_arrival_behind_the_door_small, layout_basic
D:2:      layout_basic
D:3:      layout_loops_ring, grunt_gozag_breadcrumbs,
          chequers_ecumenical_altar_simple_redux, okawaru_trees_2
D:4:      layout_loops_ring, vehumet_altar_wand_db, cheibriados_altar_1,
          hangedman_feature_mirror
D:5:      layout_loops_corners, chequers_temple_overflow_statue_of_worship,
          minmay_starry_boxes
D:6:      layout_loops_cross, portal_sewer_entry_b, serial_shops, shop,
          feat_on_display
D:7:      layout_layer_cave, kennysheep_mini_moat,
          fedhas_bush_and_centaur_altar, minmay_temple_entry_offerings
D:8:      layout_basic, lemuel_doored_altar, nicolae_ru_sacrificial_ziggurat,
          marbit_many_paths, yredelemnul_forgotten_temple_becter
D:9:      layout_irregular_city, serial_shops, shop, kennysheep_small_square
D:10:     layout_irregular_city, dpeg_oklobed_lair, erik_orc_3, uniq_joseph,
          uniq_maggie, uniq_psyche
D:11:     layout_roguey, wad_hexagon
D:12:     layout_cave_pools, kennysheep_boxes
Temple:   compressed_dpeg_circular_temple

Skill      XL: |  1  2  3  4  5  6  7  8  9 10 11 |
---------------+----------------------------------+-----
Long Blades    | 3 4 5 7 8 10 | 10.7
Dodging        | 3 4 5 6 7 |  7.8
Armour         | 1 2 3 4 5 6 7 |  7.2
Fighting       | 3 4 5 7 8 9 |  9.1
Throwing       | |  1.7

Action                   |  1- 3 |  4- 6 |  7- 9 | 10-12 || total
-------------------------+-------+-------+-------+-------++-------
Melee: Long sword        |    15 |       |   174 |       ||   189
       Dagger            |    92 |   168 |       |       ||   260
       Short sword       |       |    21 |   428 |   132 ||   581
       Falchion          |       |       |    14 |   638 ||   652
Throw: Throwing net      |       |     2 |    11 |       ||    13
Evoke: Wand              |       |       |       |     5 ||     5
  Use: Scroll            |       |    10 |     4 |     2 ||    16
       Potion            |       |     4 |     6 |     5 ||    15
 Stab: Held in net/web   |       |       |     4 |       ||     4
       Invisible         |       |       |       |     4 ||     4
       Sleeping          |       |       |       |     1 ||     1
Armor: Leather armour    |    31 |    27 |       |       ||    58
       Ring mail         |       |     7 |   196 |    88 ||   291
       Acid dragon scale |       |       |       |    81 ||    81
Dodge: Dodged            |    70 |   108 |   501 |   501 ||  1180
       Repelled          |       |       |     3 |     6 ||     9
       Rpst.: Long sword |     5 |       |    41 |       ||    46
       Falchion          |       |       |       |   126 ||   126

Table legend: (Time is in decaauts)
 A = Elapsed time spent in this place.
 B = Non-inter-level travel time spent in this place.
 C = Inter-level travel time spent in this place.
 D = Time resting spent in this place.
 E = Time spent auto-exploring this place.
 F = Levels seen in this place.
 G = Mean time per level.
                   A        B        C        D        E       F      G
               +--------+--------+--------+--------+--------+-----+--------+
         Total |  18464 |  17989 |    475 |   5434 |   9774 |  13 | 1420.3 |
       Dungeon |  18380 |  17907 |    473 |   5434 |   9701 |  12 | 1531.7 |
        Temple |     83 |     81 |      2 |      0 |     73 |   1 |   83.0 |
               +--------+--------+--------+--------+--------+-----+--------+

Top non-repeatable levels by time:
     D:7: 3700 daAuts
    D:11: 2345 daAuts
    D:10: 2005 daAuts
     D:8: 1738 daAuts
     D:5: 1662 daAuts
     D:4: 1603 daAuts
     D:9: 1367 daAuts
     D:6: 1277 daAuts
     D:2: 1096 daAuts
     D:3: 884 daAuts
     D:1: 679 daAuts
  Temple: 83 daAuts
    D:12: 19 daAuts
